 Dungeon Crawl Stone Soup version 0.28.0-53-g5a82cb258f (webtiles) character file.

Game seed: 12824387848793954605

681 issech the Poker (level 7, -7/54 HPs)
             Began as a Minotaur Monk on June 29, 2022.
             Was a Believer of Hepliaklqana.
             Mangled by an orc warrior
             ... wielding a +0 scimitar
              (12 damage)
             ... on level 4 of the Dungeon.
             The game lasted 00:08:55 (4330 turns).

issech the Poker (Minotaur Monk)                    Turns: 4330, Time: 00:08:56

Health: -7/54      AC:  8    Str: 21    XL:     7   Next: 34%
Magic:  6/6        EV:  9    Int:  7    God:    Hepliaklqana [**....]
Gold:   165        SH:  0    Dex: 15    Spells: 6/6 levels left

rFire   . . .      SeeInvis .   x - +2 spear (flame)
rCold   . . .      Faith    .   (no shield)
rNeg    . . .      Spirit   .   y - +0 chain mail
rPois   .          Reflect  .   (helmet restricted)
rElec   .          Harm     .   (no cloak)
rCorr   .          Rampage  .   (no gloves)
Will    .....                   (no boots)
Stlth   ..........              (no amulet)
HPRegen 0.18/turn               k - +6 ring of strength
MPRegen 0.10/turn               (no ring)

@: no status effects
A: reduced essence, horns 2, retaliatory headbutt
a: Renounce Religion, Recall Ancestor, Ancestor Identity


You were on level 4 of the Dungeon.
You worshipped Hepliaklqana.
Hepliaklqana was pleased with you.
You visited 2 branches of the dungeon, and saw 5 of its levels.

You collected 165 gold pieces.

Inventory:

Hand Weapons
 a - a +0 hand axe
 j - a +0 halberd
 x - a +2 spear of flaming (weapon)
 z - a +0 war axe
 B - a +1 dagger of electrocution
 C - a +0 flail
 D - a +0 hunting sling
Missiles
 m - 4 poisoned darts (quivered)
 q - 73 stones
 r - 43 bolts
 t - 28 sling bullets
 A - 23 arrows
Armour
 b - a +0 robe
 w - a +0 leather armour
 y - a +0 chain mail (worn)
Jewellery
 k - a +6 ring of strength (left hand)
Scrolls
 d - a scroll of enchant weapon {unknown}
 h - a scroll of vulnerability {unknown}
 i - 4 scrolls of teleportation {unknown}
 l - a scroll of torment {unknown}
 n - 2 scrolls of identify {unknown}
 p - a scroll of immolation {unknown}
 u - a scroll of fog {unknown}
 E - a scroll of fear {unknown}
Potions
 c - a potion of attraction {unknown}
 e - 3 potions of curing {unknown}
 f - a potion of ambrosia {unknown}
 g - 2 potions of might {unknown}
 o - a potion of lignification {unknown}
 s - a potion of mutation {unknown}
 v - 2 potions of brilliance {unknown}
 F - a potion of berserk rage {unknown}


   Skills:
 + Level 5.3 Fighting
 + Level 4.3(6.0) Axes
 + Level 6.3(7.0) Polearms
 + Level 2.0 Armour
 + Level 4.6 Dodging
 + Level 2.8 Stealth


You had 6 spell levels left.
You didn't know any spells.
Your spell library contained the following spells:

 Spells                   Type           Power      Damage    Failure   Level
 Ensorcelled Hibernation  Hex/Ice        0%         N/A       100%        2
 Spider Form              Tmut/Pois      0%         N/A       100%        3
 Anguish                  Hex/Necr       0%         N/A       100%        4
 Blade Hands              Tmut           0%         N/A       100%        5
 Irradiate                Conj/Tmut      0%         3d13      100%        5
 Dragon Form              Tmut           0%         N/A       100%        7
 Chain Lightning          Conj/Air       0%         N/A       100%        9
 Fire Storm               Conj/Fire      0%         5d1       100%        9
 Shatter                  Erth           0%         3d5*      100%        9


Dungeon Overview and Level Annotations

Branches:
Dungeon (4/15)             Temple (1/1) D:4

Altars:
Ashenzari
Cheibriados
Dithmenos
Elyvilon
Fedhas
Gozag
Hepliaklqana
Kikubaaqudgha
Makhleb
Okawaru
Qazlal
Ru
Trog
Vehumet
Wu Jian
Xom
Zin
The Shining One

Annotations:
D:3 3 runed translucent doors, bchevrier's ghost, amateur GnWn


Innate Abilities, Weirdness & Mutations

Your life essence is reduced to manifest your ancestor. (-10% HP)
You have a pair of horns on your head.
You reflexively headbutt those who attack you in melee.


Message History

The orc warrior barely misses you.
You hit the orc warrior but do no damage.
The orc warrior is almost dead.
Publius hits the orc warrior but does no damage.
You closely miss the orc warrior.
You headbutt the orc warrior, but do no damage.
Your punch misses the orc warrior.
The orc warrior is almost dead.
The orc warrior closely misses you.
You hit the orc priest but do no damage.
You headbutt the orc priest, but do no damage.
The orc priest hits you with a +0 hand axe.
The orc priest hits Publius with a +0 hand axe.
The orc warrior hits you but does no damage.
You hit the orc priest. You burn the orc priest.
The orc priest is heavily wounded.
Publius closely misses the orc priest.
The orc priest barely misses you.
The orc priest mumbles some strange prayers to Beogh against you.
You struggle to resist.
The orc warrior hits you but does no damage.
You hit the orc priest but do no damage.
The orc priest is heavily wounded.
Publius misses the orc priest.
The orc priest barely misses you. You furiously retaliate!
You headbutt the orc priest.
The orc priest closely misses Publius.
The orc priest calls down the wrath of Beogh upon you.
Pain shoots through your body!
* * * LOW HITPOINT WARNING * * *
You hit the orc priest. You burn the orc priest.
You kill the orc priest!
The orc warrior closely misses you.
Your Armour skill increases to level 2!
You hit the orc warrior but do no damage.
The orc warrior is almost dead.
The orc priest hits you with a +0 falchion.
* * * LOW HITPOINT WARNING * * *
The goblin hits you with a +0 club.
* * * LOW HITPOINT WARNING * * *
The orc warrior hits you with a +0 scimitar!
You die...

#. . ###. ...
.###... ..# #
....# #. ....#
#.. ##...##
#...######.R...#
#.........)@g..#
##......##.oo..#
##.###.###...##
### # #.#
##..... ##..
#.###.#####.##..
....
#...........# #
##..
#####.#######
#.# #.# #.# #.#
#.#


You could see the friendly Publius the battlemage, an orc warrior (ally target),
an orc priest and a goblin.

Vanquished Creatures
  A water moccasin (D:4)
  A black bear (D:4)
  A necrophage (D:4)
  A scorpion (D:4)
  A water moccasin skeleton (D:4)
  2 orc priests (D:4)
  A jelly (D:3)
  2 orc wizards (D:4)
  A mummy (D:3)
  5 gnolls
  2 adders (D:2)
  2 dart slugs
  10 orcs
  6 ball pythons
  11 endoplasms
  4 giant cockroaches
  6 goblins
  2 hobgoblins
  A jackal (D:3)
  2 kobolds
  3 quokkas
  7 bats
  6 frilled lizards
  6 rats
84 creatures vanquished.

Notes
Turn   | Place    | Note
-------+----------+-------------------------------------------
     0 | D:1      | issech the Minotaur Monk began the quest for the Orb.
     0 | D:1      | Reached XP level 1. HP: 19/19 MP: 0/0
   192 | D:1      | Reached XP level 2. HP: 27/27 MP: 1/1
  1245 | D:2      | Reached XP level 3. HP: 27/34 MP: 2/2
  1771 | D:2      | Reached XP level 4. HP: 41/41 MP: 3/3
  2233 | D:3      | Found a snail-covered altar of Cheibriados.
  2342 | D:3      | Reached skill level 1 in Polearms
  2676 | D:3      | Reached skill level 2 in Polearms
  2680 | D:3      | Reached XP level 5. HP: 40/47 MP: 4/4
  2767 | D:3      | Found a runed translucent gate.
  2767 | D:3      | Found a runed translucent gate.
  2767 | D:3      | Found a runed translucent gate.
  3130 | D:3      | Noticed bchevrier's ghost (amateur GnWn)
  3304 | D:3      | Reached skill level 3 in Polearms
  3572 | D:4      | Noticed a black bear
  3578 | D:4      | Killed a black bear
  3579 | D:4      | Reached skill level 4 in Polearms
  3579 | D:4      | Reached XP level 6. HP: 52/53 MP: 5/5
  3685 | D:4      | Reached skill level 5 in Polearms
  3730 | D:4      | Reached skill level 5 in Fighting
  3730 | D:4      | Reached skill level 1 in Armour
  3737 | D:4      | Found a staircase to the Ecumenical Temple.
  3753 | D:4      | Noticed a water moccasin
  3765 | D:4      | Killed a water moccasin
  3766 | D:4      | Reached XP level 7. HP: 32/61 MP: 6/6
  3786 | Temple   | Entered the Ecumenical Temple
  4144 | Temple   | Became a worshipper of Hepliaklqana the Forgotten
  4144 | Temple   | Reached * piety under Hepliaklqana
  4144 | Temple   | Reached ** piety under Hepliaklqana
  4145 | Temple   | Remembered your ancestor Publius as a battlemage
  4284 | D:4      | Reached skill level 6 in Polearms
  4285 | D:4      | Found a shimmering altar of Xom.
  4330 | D:4      | Mangled by an orc warrior

Illustrated notes

Levels and vault maps discovered:
D:1:      minmay_arrival_jagged, layout_loops_ring, serial_forest,
          infiniplex_forest_clump_tiny, infiniplex_forest_straight_4,
          infiniplex_forest_clump_medium, infiniplex_forest_clump_tiny,
          infiniplex_forest_zigzag_1, infiniplex_forest_lined_3_way,
          corexii_corridor_pit, minmay_pentomino_x4
D:2:      minmay_skewed_foursquare, layout_basic
D:3:      layout_basic, slow_altar_1, gammafunk_ghost_icy, minmay_curled_crystal
D:4:      layout_loops_ring, xom_teletrap_fun, minmay_temple_entry_trees,
          hangedman_decor_riveting
Temple:   eino_temple_scatter_basement

Skill      XL: |  1  2  3  4  5  6  7 |
---------------+----------------------+-----
Fighting       | 4 5 |  5.3
Axes           | 4 |  4.3
Dodging        | 4 |  4.6
Stealth        | 2 |  2.8
Polearms       | 2 4 5 6 |  6.3
Armour         | 1 2 |  2.0

Action                   |  1- 3 |  4- 6 |  7- 9 || total
-------------------------+-------+-------+-------++-------
Melee: Hand axe          |    50 |       |       ||    50
       Headbutt          |    13 |     9 |     6 ||    28
       Halberd           |    20 |    46 |       ||    66
       Spear             |       |    44 |    19 ||    63
       Punch             |       |     1 |       ||     1
Invok: Ancestor Life: Ba |       |       |     1 ||     1
 Stab: Sleeping          |     6 |     1 |       ||     7
Armor: Robe              |    12 |     1 |       ||    13
       Chain mail        |       |    23 |     3 ||    26
       Leather armour    |       |     2 |       ||     2
Dodge: Dodged            |    67 |    45 |     9 ||   121
